Workbook
Name analysis_period: Inputs!$C$38
Name annual_fuel_usage: Inputs!$C$24
Name AnnualLandLease: Inputs!$D$221
Name AnnualOMCapacity: Inputs!$D$169
Name AnnualOMFixed: Inputs!$D$168
Name AnnualOMProduction: Inputs!$D$170
Name AnnualPBIFederal: Inputs!$D$182
Name AnnualPBIOther: Inputs!$D$185
Name AnnualPBIState: Inputs!$D$183
Name AnnualPBIUtility: Inputs!$D$184
Name AnnualPTCFederal: Inputs!$D$187
Name AnnualPTCState: Inputs!$D$188
Name AnnualTaxFederal: Inputs!$C$173
Name AnnualTaxState: Inputs!$C$172
Name batt_annual_discharge_energy: Inputs!$C$157
Name cbi_fed_amount: Inputs!$C$125
Name cbi_fed_deprbas_fed: Inputs!$G$125
Name cbi_fed_deprbas_sta: Inputs!$H$125
Name cbi_fed_maxvalue: Inputs!$D$125
Name cbi_fed_tax_fed: Inputs!$E$125
Name cbi_fed_tax_sta: Inputs!$F$125
Name cbi_oth_amount: Inputs!$C$128
Name cbi_oth_deprbas_fed: Inputs!$G$128
Name cbi_oth_deprbas_sta: Inputs!$H$128
Name cbi_oth_maxvalue: Inputs!$D$128
Name cbi_oth_tax_fed: Inputs!$E$128
Name cbi_oth_tax_sta: Inputs!$F$128
Name cbi_sta_amount: Inputs!$C$126
Name cbi_sta_deprbas_fed: Inputs!$G$126
Name cbi_sta_deprbas_sta: Inputs!$H$126
Name cbi_sta_maxvalue: Inputs!$D$126
Name cbi_sta_tax_fed: Inputs!$E$126
Name cbi_sta_tax_sta: Inputs!$F$126
Name cbi_uti_amount: Inputs!$C$127
Name cbi_uti_deprbas_fed: Inputs!$G$127
Name cbi_uti_deprbas_sta: Inputs!$H$127
Name cbi_uti_maxvalue: Inputs!$D$127
Name cbi_uti_tax_fed: Inputs!$E$127
Name cbi_uti_tax_sta: Inputs!$F$127
Name cf_annual_cost_lcos: Inputs!$C$218
Name cf_annual_discharge_lcos: Inputs!$C$219
Name cf_battery_replacement_cost: Inputs!$C$195
Name cf_capacity_payment: Inputs!$C$162
Name cf_curtailment_value: Inputs!$C$163
Name cf_disbursement_debtservice: Inputs!$C$213
Name cf_energy_expenses_paid_percent: Inputs!$C$204
Name cf_energy_net: Inputs!$C$155
Name cf_energy_purchases: Inputs!$C$154
Name cf_energy_revenue_retained_percent: Inputs!$C$165
Name cf_energy_sales: Inputs!$C$153
Name cf_energy_value: Inputs!$C$161
Name cf_energy_without_battery: Inputs!$C$156
Name cf_fuelcell_replacement_cost: Inputs!$C$200
Name cf_funding_debtservice: Inputs!$C$212
Name cf_non_energy_expenses: Inputs!$C$203
Name cf_non_energy_revenue: Inputs!$C$166
Name cf_om_capacity1_expense: Inputs!$C$193
Name cf_om_capacity2_expense: Inputs!$C$198
Name cf_om_fixed1_expense: Inputs!$C$192
Name cf_om_fixed2_expense: Inputs!$C$197

Sheet Inputs
B1: Single Owner Inputs
B2: SYSTEM DESIGN | E2: KEY
B3: Nameplate capacity (kW) | C3: 36007.8 | E3: Calculated
E4: Input from SAM
B5: SYSTEM COSTS | E5: Annual values from SAM
B6: Total installed cost ($) | C6: 31916100 | E6: Value depends on option in SAM
B8: OPERATION AND MAINTENANCE COSTS | E8: METRICS
B9: Fixed annual cost ($/yr) | C9: 0 | E9: PPA price, year 1 (¢/kWh) | F9: ='Cash Flow'!C15 -> 8.25
B10: Escalation (% above inflation) | C10: 0 | E10: PPA price escalation (%/yr) | F10: =ppa_escalation -> 0
B11: Fixed cost by capacity ($/kW-yr) | C11: 7.5 | E11: Levelized PPA price nominal (¢/kWh) | F11: ='Cash Flow'!B163 -> 7.217901
B12: Escalation (% above inflation) | C12: 0 | E12: LCOE, nominal (¢/kWh) | F12: ='Cash Flow'!B159 -> 6.8050741
B13: Variable cost by generation ($/MWh) | C13: 0 | E13: NPV ($) | F13: ='Cash Flow'!B150 -> 1652279
B14: Escalation (% above inflation) | C14: 0 | E14: IRR (%) | F14: =HLOOKUP(IF(PPAPriceInput="Calculated",flip_target_year,F15),'Cash Flow'!B2:AP147,144) -> 0
E15: IRR Year | F15: ='Cash Flow'!B148 -> 25
E16: IRR at end of project (%) | F16: =HLOOKUP(analysis_period,'Cash Flow'!B2:AP147,135) -> 0
E17: Total capital cost ($) | F17: =-'Cash Flow'!B113 -> 33242989
B18: LAND LEASE | E18: Equity ($) | F18: =F17-F19 -> 8310747.3
B19: Land area estimate (acres) | C19: 129.062 | E19: Size of debt ($) | F19: ='Cash Flow'!B612 -> 24932242
B20: Annual land lease cost ($/acre) | C20: 0 | E20: Minimum debt service coverage ratio | F20: ='Cash Flow'!B632 -> 1.2608178
B21: Land lease escalation rate (% above inflation) | C21: 0 | E21: Debt fraction (%) | F21: =F19/F17*100 -> 75
B23: FUEL COSTS (CSP AND GENERIC SYSTEMS ONLY)
B24: Annual usage (kWh) | C24: 0
B25: Heat rate (MMBtu/MWh) | C25: 0
B26: Cost ($/MMBtu) | C26: 0
B27: Escalation (%/year above inflation) | C27: 0
B29: Solution Mode and PPA Price
B30: IRR Target | C30: N/A
B31: Target year | C31: 25
B32: PPA price ($/kWh) | C32: 0.0825 | D32: 0.0825 | E32: 0.0825 | F32: 0.0825 | G32: 0.0825 | H32: 0.0825 | I32: 0.0825 | J32: 0.0825 | K32: 0.0825 | L32: 0.0825 | M32: 0.0417 | N32: 0.0417 | O32: 0.0417 | P32: 0.0417 | Q32: 0.0417 | R32: 0.0417 | S32: 0.0417 | T32: 0.0417 | U32: 0.0417 | V32: 0.0417 | W32: 0.0417 | X32: 0.0417 | Y32: 0.0417 | Z32: 0.0417 | AA32: 0.0417 | AB32: 0.0417 | AC32: 0.0417 | AD32: 0.0417 | AE32: 0.0417 | AF32: 0.0417 | AG32: 0 | AH32: 0 | AI32: 0 | AJ32: 0 | AK32: 0 | AL32: 0 | AM32: 0 | AN32: 0 | AO32: 0 | AP32: 0 | AQ32: 0 | AR32: 0 | AS32: 0 | AT32: 0 | AU32: 0 | AV32: 0 | AW32: 0 | AX32: 0 | AY32: 0 | AZ32: 0
B33: PPA price escalation (%/year) | C33: 0
B34: PPA price is modifed by TOD multipliers | C34: No
B36: FINANCIAL PARAMETERS
B37: Analysis Parameters
B38: Analysis period (years, 40 max) | C38: 25
B39: Inflation rate (%/year) | C39: 2.5
B40: Real discount rate (%/year) | C40: 10
B41: Nominal discount rate (%/year) | C41: =((inflation_rate/100+1)*(real_discount_rate/100+1)-1)*100 -> 12.75
B42: Tax and Insurance Rates
B43: Federal income tax rate in Year 1 (%/year) | C43: 0
B44: State income tax rate in Year 1 (%/year) | C44: 0
B45: Sales tax (% of total direct cost) | C45: 11
B46: Insurance rate (annual, % of installed cost) | C46: 1
B47: Property Tax
B48: Assessed percentage (% of total installed cost) | C48: 100
B49: Assesed value ($) | C49: =total_installed_cost*prop_tax_cost_assessed_percent/100 -> 31916100
B50: Annual decline (%/year) | C50: 0
B51: Property tax rate (%/year) | C51: 0
B52: Salvage Value
B53: Net salvage value (% of total installed cost) | C53: 20
B54: End of analysis period value ($) | C54: =total_installed_cost*salvage_percentage/100 -> 6383220
B56: PROJECT TERM DEBT
B57: Debt sizing and payment schedule
B58: Debt percent (%) ("Calculated" for sculpted payments) | C58: Calculated
B59: Size of debt ($) ("N/A" for sculpted payments) | C59: N/A
B60: Debt service coverage ratio ("Calculated" for mortgage style) | C60: 1.42
B61: Limit debt fraction (for sculpted payments only) | C61: Yes
B62: Maximum debt percent (%) (for sculpted payments only) | C62: 75
B63: Annual payment schedule (for mortgage style debt only) | C63: Equal payments
B64: Debt Parameters
B65: Tenor (years) | C65: 18
B66: Moratorium (years) | C66: 0
B67: Annual all-in interest rate (%) | C67: 5
B68: Debt closing costs ($) | C68: 0
B69: Up-front fee (% of total debt) | C69: 2.75
B70: Up-front fee amount ($, from SAM results) | C70: 608777
B72: COST OF ACQUIRING FINANCING
B73: Other financing cost ($) | C73: 0
B75: CONSTRUCTION FINANCING
B76: Total construction financing cost ($) | C76: 718113
B78: CONSTRUCTION FINANCING CALCULATION (provided here for reference, only total financing cost above is input to cash flow)
C79: Percent of installed cost | D79: Up-front fee (% of principal) | E79: Months prior to operation | F79: Annual interest rate (%) | G79: Principal | H79: Interest | I79: Total construction financing cost
B80: Loan 1 | C80: 100 | D80: 1 | E80: 6 | F80: 5 | G80: =C80/100*total_installed_cost -> 31916100 | H80: =G80*F80/100*E80/12*0.5 -> 398951.25 | I80: =H80+D80/100*G80 -> 718112.25
B81: Loan 2 | C81: 0 | D81: 0 | E81: 0 | F81: 0 | G81: =C81/100*total_installed_cost -> 0 | H81: =G81*F81/100*E81/12*0.5 -> 0 | I81: =H81+D81/100*G81 -> 0
B82: Loan 3 | C82: 0 | D82: 0 | E82: 0 | F82: 0 | G82: =C82/100*total_installed_cost -> 0 | H82: =G82*F82/100*E82/12*0.5 -> 0 | I82: =H82+D82/100*G82 -> 0
B83: Loan 4 | C83: 0 | D83: 0 | E83: 0 | F83: 0 | G83: =C83/100*total_installed_cost -> 0 | H83: =G83*F83/100*E83/12*0.5 -> 0 | I83: =H83+D83/100*G83 -> 0
B84: Loan 5 | C84: 0 | D84: 0 | E84: 0 | F84: 0 | G84: =C84/100*total_installed_cost -> 0 | H84: =G84*F84/100*E84/12*0.5 -> 0 | I84: =H84+D84/100*G84 -> 0
B85: Totals: | G85: =SUM(G80:G84) -> 31916100 | H85: =SUM(H80:H84) -> 398951.25 | I85: =SUM(I80:I84) -> 718112.25
B87: RESERVE ACCOUNTS
B88: Interest on reserves (%/year) | C88: 0
B89: Working capital reserve (months of operating costs) | C89: 0
B90: Debt service reserve account (months of P&I payments) | C90: 0
B91: Receivables reserve (months of total revenue) | C91: 0
B92: Major equipment replacement reserve accounts | C92: Replacement cost ($/W) | D92: Year 1 dollars | E92: Replacement frequency (years)
B93: Replacement reserve 1 | C93: 0 | D93: =C93*system_capacity*1000 -> 0 | E93: 0
B94: Replacement reserve 2 | C94: 0 | D94: =C94*system_capacity*1000 -> 0 | E94: 0
B95: Replacement reserve 3 | C95: 0 | D95: =C95*system_capacity*1000 -> 0 | E95: 0
B96: Depreciation treatment for replacement reserves
B97: Federal | C97: 20-yr SL
B98: State | C98: 20-yr SL
B100: TAX CREDITS
B101: Investment Tax Credit | E101: Reduces depreciation basis
B102: As fixed amount | C102: Amount ($) | E102: Federal | F102: State
B103: Federal ($) | C103: =SUM(D175:AQ175) -> 0 | E103: No | F103: No
B104: State ($) | C104: =SUM(D176:AQ176) -> 0 | E104: No | F104: No
B105: As percentage | C105: % | D105: Maximum ($)
B106: Federal (% of total installed cost) | C106: =SUM(D177:AQ177) -> 0 | D106: =SUM(D178:AQ178) -> 2.5e+39 | E106: No | F106: No
B107: State (% of total installed cost) | C107: =SUM(D179:AQ179) -> 30 | D107: =SUM(D180:AQ180) -> 2.5e+39 | E107: No | F107: Yes
B108: Production Tax Credit | C108: Amount ($/kWh) | D108: Term (years) | E108: Escalation (%/year)
B109: Federal | C109: 0 | D109: 10 | E109: 0
B110: State | C110: 0 | D110: 10 | E110: 0
...

Sheet Cash Flow
A1: Single Owner Cash Flow
A2: Operating Year | B2: 0 | C2: =IF(B2<analysis_period,B2+1,"") -> 1 | D2: =IF(C2<analysis_period,C2+1,"") -> 2 | E2: =IF(D2<analysis_period,D2+1,"") -> 3 | F2: =IF(E2<analysis_period,E2+1,"") -> 4 | G2: =IF(F2<analysis_period,F2+1,"") -> 5 | H2: =IF(G2<analysis_period,G2+1,"") -> 6 | I2: =IF(H2<analysis_period,H2+1,"") -> 7 | J2: =IF(I2<analysis_period,I2+1,"") -> 8 | ... AP2: =IF(AO2<analysis_period,AO2+1,"")
A4: Energy
A5: Electricity to grid (AC kWh) | B5: {=Inputs!C153:AQ153} -> 0 | C5: 55524700 | D5: 55245500 | E5: 54974100 | F5: 54702700 | G5: 54429700 | H5: 54154400 | I5: 53877600 | J5: 53599400 | K5: 53319700 | L5: 53008400 | M5: 52724300 | N5: 52443100 | O5: 52162700 | P5: 51882200 | Q5: 51601300 | R5: 51320000 | S5: 51038500 | T5: 50756800 | U5: 50475000 | V5: 50159600 | W5: 49874600 | X5: 49593100 | Y5: 49312700 | Z5: 49032200 | AA5: 48751300 | AB5: 0 | AC5: 0 | AD5: 0 | AE5: 0 | AF5: 0 | AG5: 0 | AH5: 0 | AI5: 0 | AJ5: 0 | AK5: 0 | AL5: 0 | AM5: 0 | AN5: 0 | AO5: 0 | AP5: 0
A6: Electricity from grid (AC kWh) | B6: {=Inputs!C154:AQ154} -> 0 | C6: -27012.5 | D6: -27012.5 | E6: -27012.5 | F6: -27012.5 | G6: -27012.5 | H6: -27012.5 | I6: -27012.5 | J6: -27012.5 | K6: -27012.5 | L6: -27012.5 | M6: -27012.5 | N6: -27012.5 | O6: -27012.5 | P6: -27020 | Q6: -27027.6 | R6: -27035.2 | S6: -27042.8 | T6: -27050.3 | U6: -27057.9 | V6: -27065.5 | W6: -27065.5 | X6: -27065.5 | Y6: -27073.1 | Z6: -27088.2 | AA6: -27095.8 | AB6: 0 | AC6: 0 | AD6: 0 | AE6: 0 | AF6: 0 | AG6: 0 | AH6: 0 | AI6: 0 | AJ6: 0 | AK6: 0 | AL6: 0 | AM6: 0 | AN6: 0 | AO6: 0 | AP6: 0
A7: Electricity to grid net (AC kWh) | B7: =SUM(B5:B6) -> 0 | C7: =SUM(C5:C6) -> 55497688 | D7: =SUM(D5:D6) -> 55218488 | E7: =SUM(E5:E6) -> 54947088 | F7: =SUM(F5:F6) -> 54675688 | G7: =SUM(G5:G6) -> 54402688 | H7: =SUM(H5:H6) -> 54127388 | I7: =SUM(I5:I6) -> 53850588 | ... AP7: =SUM(AP5:AP6) -> 0
A8: Electricity generated without storage (AC kWh) | B8: {=Inputs!C156:AQ158} -> 0 | C8: 55928300 | D8: 55654300 | E8: 55379500 | F8: 55103500 | G8: 54826000 | H8: 54546600 | I8: 54266000 | J8: 53984300 | K8: 53701200 | L8: 53417300 | M8: 53133100 | N8: 52848500 | O8: 52563500 | P8: 52278400 | Q8: 51993400 | R8: 51708400 | S8: 51423400 | T8: 51138400 | U8: 50853300 | V8: 50568300 | W8: 50283300 | X8: 49998400 | Y8: 49713400 | Z8: 49428400 | AA8: 49143400 | AB8: 0 | AC8: 0 | AD8: 0 | AE8: 0 | AF8: 0 | AG8: 0 | AH8: 0 | AI8: 0 | AJ8: 0 | AK8: 0 | AL8: 0 | AM8: 0 | AN8: 0 | AO8: 0 | AP8: 0
A9: Battery annual energy discharged (AC kWh) | B9: 0 | C9: 3828780 | D9: 3819060 | E9: 3771420 | F9: 3726630 | G9: 3686660 | H9: 3649930 | I9: 3615600 | J9: 3583100 | K9: 3552090 | L9: 3828780 | M9: 3819000 | N9: 3771330 | O9: 3726560 | P9: 3686590 | Q9: 3649880 | R9: 3615540 | S9: 3583050 | T9: 3552040 | U9: 3522260 | V9: 3828780 | W9: 3819010 | X9: 3771340 | Y9: 3726560 | Z9: 3686590 | AA9: 3649880 | AB9: 0 | AC9: 0 | AD9: 0 | AE9: 0 | AF9: 0 | AG9: 0 | AH9: 0 | AI9: 0 | AJ9: 0 | AK9: 0 | AL9: 0 | AM9: 0 | AN9: 0 | AO9: 0 | AP9: 0
A10: Fuel cell annual energy discharged (AC kWh) | B10: 0 | C10: 0 | D10: 0 | E10: 0 | F10: 0 | G10: 0 | H10: 0 | I10: 0 | J10: 0 | K10: 0 | L10: 0 | M10: 0 | N10: 0 | O10: 0 | P10: 0 | Q10: 0 | R10: 0 | S10: 0 | T10: 0 | U10: 0 | V10: 0 | W10: 0 | X10: 0 | Y10: 0 | Z10: 0 | AA10: 0 | AB10: 0 | AC10: 0 | AD10: 0 | AE10: 0 | AF10: 0 | AG10: 0 | AH10: 0 | AI10: 0 | AJ10: 0 | AK10: 0 | AL10: 0 | AM10: 0 | AN10: 0 | AO10: 0 | AP10: 0
A12: Revenue
A13: PPA revenue
A14: Net production (AC kWh) | C14: =C5 -> 55524700 | D14: =D5 -> 55245500 | E14: =E5 -> 54974100 | F14: =F5 -> 54702700 | G14: =G5 -> 54429700 | H14: =H5 -> 54154400 | I14: =I5 -> 53877600 | J14: =J5 -> 53599400 | ... AP14: =AP5 -> 0
A15: Price (¢/kWh) | B15: {=Inputs!C160:AQ160} -> 0 | C15: 8.25 | D15: 8.25 | E15: 8.25 | F15: 8.25 | G15: 8.25 | H15: 8.25 | I15: 8.25 | J15: 8.25 | K15: 8.25 | L15: 8.25 | M15: 4.17 | N15: 4.17 | O15: 4.17 | P15: 4.17 | Q15: 4.17 | R15: 4.17 | S15: 4.17 | T15: 4.17 | U15: 4.17 | V15: 4.17 | W15: 4.17 | X15: 4.17 | Y15: 4.17 | Z15: 4.17 | AA15: 4.17 | AB15: 0 | AC15: 0 | AD15: 0 | AE15: 0 | AF15: 0 | AG15: 0 | AH15: 0 | AI15: 0 | AJ15: 0 | AK15: 0 | AL15: 0 | AM15: 0 | AN15: 0 | AO15: 0 | AP15: 0
A16: PPA revenue (TOD multipliers may apply) | B16: {=Inputs!C161:AQ161} -> 0 | C16: 4580780 | D16: 4557750 | E16: 4535360 | F16: 4512970 | G16: 4490450 | H16: 4467740 | I16: 4444900 | J16: 4421950 | K16: 4398870 | L16: 4373200 | M16: 2198600 | N16: 2186880 | O16: 2175180 | P16: 2163490 | Q16: 2151770 | R16: 2140050 | S16: 2128310 | T16: 2116560 | U16: 2104810 | V16: 2091650 | W16: 2079770 | X16: 2068030 | Y16: 2056340 | Z16: 2044640 | AA16: 2032930 | AB16: 0 | AC16: 0 | AD16: 0 | AE16: 0 | AF16: 0 | AG16: 0 | AH16: 0 | AI16: 0 | AJ16: 0 | AK16: 0 | AL16: 0 | AM16: 0 | AN16: 0 | AO16: 0 | AP16: 0
A17: Other revenue
A18: Capacity payments | B18: {=Inputs!C162:AQ164} -> 0 | C18: 0 | D18: 0 | E18: 0 | F18: 0 | G18: 0 | H18: 0 | I18: 0 | J18: 0 | K18: 0 | L18: 0 | M18: 0 | N18: 0 | O18: 0 | P18: 0 | Q18: 0 | R18: 0 | S18: 0 | T18: 0 | U18: 0 | V18: 0 | W18: 0 | X18: 0 | Y18: 0 | Z18: 0 | AA18: 0 | AB18: 0 | AC18: 0 | AD18: 0 | AE18: 0 | AF18: 0 | AG18: 0 | AH18: 0 | AI18: 0 | AJ18: 0 | AK18: 0 | AL18: 0 | AM18: 0 | AN18: 0 | AO18: 0 | AP18: 0
A19: Curtailment payments | B19: 0 | C19: 0 | D19: 0 | E19: 0 | F19: 0 | G19: 0 | H19: 0 | I19: 0 | J19: 0 | K19: 0 | L19: 0 | M19: 0 | N19: 0 | O19: 0 | P19: 0 | Q19: 0 | R19: 0 | S19: 0 | T19: 0 | U19: 0 | V19: 0 | W19: 0 | X19: 0 | Y19: 0 | Z19: 0 | AA19: 0 | AB19: 0 | AC19: 0 | AD19: 0 | AE19: 0 | AF19: 0 | AG19: 0 | AH19: 0 | AI19: 0 | AJ19: 0 | AK19: 0 | AL19: 0 | AM19: 0 | AN19: 0 | AO19: 0 | AP19: 0
A20: Thermal revenue (fuel cell only) | B20: 0 | C20: 0 | D20: 0 | E20: 0 | F20: 0 | G20: 0 | H20: 0 | I20: 0 | J20: 0 | K20: 0 | L20: 0 | M20: 0 | N20: 0 | O20: 0 | P20: 0 | Q20: 0 | R20: 0 | S20: 0 | T20: 0 | U20: 0 | V20: 0 | W20: 0 | X20: 0 | Y20: 0 | Z20: 0 | AA20: 0 | AB20: 0 | AC20: 0 | AD20: 0 | AE20: 0 | AF20: 0 | AG20: 0 | AH20: 0 | AI20: 0 | AJ20: 0 | AK20: 0 | AL20: 0 | AM20: 0 | AN20: 0 | AO20: 0 | AP20: 0
A21: Energy revenue | B21: =SUM(B16:B20) -> 0 | C21: =SUM(C16:C20) -> 4580780 | D21: =SUM(D16:D20) -> 4557750 | E21: =SUM(E16:E20) -> 4535360 | F21: =SUM(F16:F20) -> 4512970 | G21: =SUM(G16:G20) -> 4490450 | H21: =SUM(H16:H20) -> 4467740 | I21: =SUM(I16:I20) -> 4444900 | ... AP21: =SUM(AP16:AP20) -> 0
A22: Percent of energy revenue retained (%) | B22: {=Inputs!C165:AQ165} -> 0 | C22: 100 | D22: 100 | E22: 100 | F22: 100 | G22: 100 | H22: 100 | I22: 100 | J22: 100 | K22: 100 | L22: 100 | M22: 100 | N22: 100 | O22: 100 | P22: 100 | Q22: 100 | R22: 100 | S22: 100 | T22: 100 | U22: 100 | V22: 100 | W22: 100 | X22: 100 | Y22: 100 | Z22: 100 | AA22: 100 | AB22: 0 | AC22: 0 | AD22: 0 | AE22: 0 | AF22: 0 | AG22: 0 | AH22: 0 | AI22: 0 | AJ22: 0 | AK22: 0 | AL22: 0 | AM22: 0 | AN22: 0 | AO22: 0 | AP22: 0
A23: Energy revenue retained | B23: =B21*B22/100 -> 0 | C23: =C21*C22/100 -> 4580780 | D23: =D21*D22/100 -> 4557750 | E23: =E21*E22/100 -> 4535360 | F23: =F21*F22/100 -> 4512970 | G23: =G21*G22/100 -> 4490450 | H23: =H21*H22/100 -> 4467740 | I23: =I21*I22/100 -> 4444900 | ... AP23: =AP21*AP22/100 -> 0
A25: Production Based Incentive (included if available for debt service)
A26: Federal | C26: =IF(pbi_fed_for_ds="Yes",C591,0) -> 0 | D26: =IF(pbi_fed_for_ds="Yes",D591,0) -> 0 | E26: =IF(pbi_fed_for_ds="Yes",E591,0) -> 0 | F26: =IF(pbi_fed_for_ds="Yes",F591,0) -> 0 | G26: =IF(pbi_fed_for_ds="Yes",G591,0) -> 0 | H26: =IF(pbi_fed_for_ds="Yes",H591,0) -> 0 | I26: =IF(pbi_fed_for_ds="Yes",I591,0) -> 0 | J26: =IF(pbi_fed_for_ds="Yes",J591,0) -> 0 | ... AP26: =IF(pbi_fed_for_ds="Yes",AP591,0) -> 0
A27: State | C27: =IF(pbi_sta_for_ds="Yes",C595,0) -> 0 | D27: =IF(pbi_sta_for_ds="Yes",D595,0) -> 0 | E27: =IF(pbi_sta_for_ds="Yes",E595,0) -> 0 | F27: =IF(pbi_sta_for_ds="Yes",F595,0) -> 0 | G27: =IF(pbi_sta_for_ds="Yes",G595,0) -> 0 | H27: =IF(pbi_sta_for_ds="Yes",H595,0) -> 0 | I27: =IF(pbi_sta_for_ds="Yes",I595,0) -> 0 | J27: =IF(pbi_sta_for_ds="Yes",J595,0) -> 0 | ... AP27: =IF(pbi_sta_for_ds="Yes",AP595,0) -> 0
A28: Utility | C28: =IF(pbi_uti_for_ds="Yes",C599,0) -> 0 | D28: =IF(pbi_uti_for_ds="Yes",D599,0) -> 0 | E28: =IF(pbi_uti_for_ds="Yes",E599,0) -> 0 | F28: =IF(pbi_uti_for_ds="Yes",F599,0) -> 0 | G28: =IF(pbi_uti_for_ds="Yes",G599,0) -> 0 | H28: =IF(pbi_uti_for_ds="Yes",H599,0) -> 0 | I28: =IF(pbi_uti_for_ds="Yes",I599,0) -> 0 | J28: =IF(pbi_uti_for_ds="Yes",J599,0) -> 0 | ... AP28: =IF(pbi_uti_for_ds="Yes",AP599,0) -> 0
A29: Other | C29: =IF(pbi_oth_for_ds="Yes",C603,0) -> 0 | D29: =IF(pbi_oth_for_ds="Yes",D603,0) -> 0 | E29: =IF(pbi_oth_for_ds="Yes",E603,0) -> 0 | F29: =IF(pbi_oth_for_ds="Yes",F603,0) -> 0 | G29: =IF(pbi_oth_for_ds="Yes",G603,0) -> 0 | H29: =IF(pbi_oth_for_ds="Yes",H603,0) -> 0 | I29: =IF(pbi_oth_for_ds="Yes",I603,0) -> 0 | J29: =IF(pbi_oth_for_ds="Yes",J603,0) -> 0 | ... AP29: =IF(pbi_oth_for_ds="Yes",AP603,0) -> 0
A30: Total PBI | C30: =SUM(C26:C29) -> 0 | D30: =SUM(D26:D29) -> 0 | E30: =SUM(E26:E29) -> 0 | F30: =SUM(F26:F29) -> 0 | G30: =SUM(G26:G29) -> 0 | H30: =SUM(H26:H29) -> 0 | I30: =SUM(I26:I29) -> 0 | J30: =SUM(J26:J29) -> 0 | ... AP30: =SUM(AP26:AP29) -> 0
A31: Salvage value | C31: =IF(C2=analysis_period,total_installed_cost*salvage_percentage/100,0) -> 0 | D31: =IF(D2=analysis_period,total_installed_cost*salvage_percentage/100,0) -> 0 | E31: =IF(E2=analysis_period,total_installed_cost*salvage_percentage/100,0) -> 0 | F31: =IF(F2=analysis_period,total_installed_cost*salvage_percentage/100,0) -> 0 | G31: =IF(G2=analysis_period,total_installed_cost*salvage_percentage/100,0) -> 0 | H31: =IF(H2=analysis_period,total_installed_cost*salvage_percentage/100,0) -> 0 | I31: =IF(I2=analysis_period,total_installed_cost*salvage_percentage/100,0) -> 0 | J31: =IF(J2=analysis_period,total_installed_cost*salvage_percentage/100,0) -> 0 | ... AP31: =IF(AP2=analysis_period,total_installed_cost*salvage_percentage/100,0) -> 0
A32: Owner share of non-energy revenue (included if available for debt service) | C32: =IF(non_energy_revenue_ds="Yes",Inputs!D166,0) -> 0 | D32: =IF(non_energy_revenue_ds="Yes",Inputs!E166,0) -> 0 | E32: =IF(non_energy_revenue_ds="Yes",Inputs!F166,0) -> 0 | F32: =IF(non_energy_revenue_ds="Yes",Inputs!G166,0) -> 0 | G32: =IF(non_energy_revenue_ds="Yes",Inputs!H166,0) -> 0 | H32: =IF(non_energy_revenue_ds="Yes",Inputs!I166,0) -> 0 | I32: =IF(non_energy_revenue_ds="Yes",Inputs!J166,0) -> 0 | J32: =IF(non_energy_revenue_ds="Yes",Inputs!K166,0) -> 0 | ... AP32: =IF(non_energy_revenue_ds="Yes",Inputs!AQ166,0) -> 0
A33: Total Revenue | C33: =IF(C2<=analysis_period,C$23+C$30+C$31+C$32,0) -> 4580780 | D33: =IF(D2<=analysis_period,D$23+D$30+D$31+D$32,0) -> 4557750 | E33: =IF(E2<=analysis_period,E$23+E$30+E$31+E$32,0) -> 4535360 | F33: =IF(F2<=analysis_period,F$23+F$30+F$31+F$32,0) -> 4512970 | G33: =IF(G2<=analysis_period,G$23+G$30+G$31+G$32,0) -> 4490450 | H33: =IF(H2<=analysis_period,H$23+H$30+H$31+H$32,0) -> 4467740 | I33: =IF(I2<=analysis_period,I$23+I$30+I$31+I$32,0) -> 4444900 | J33: =IF(J2<=analysis_period,J$23+J$30+J$31+J$32,0) -> 4421950 | ... AP33: =IF(AP2<=analysis_period,AP$23+AP$30+AP$31+AP$32,0) -> 0
A35: Property tax net assessed value | C35: =PropertyTaxAssessedValue -> 31916100 | D35: =IF(D$2<=analysis_period,PropertyTaxAssessedValue*(100-(D$2-1)*prop_tax_assessed_decline)/100,0) -> 31916100 | E35: =IF(E$2<=analysis_period,PropertyTaxAssessedValue*(100-(E$2-1)*prop_tax_assessed_decline)/100,0) -> 31916100 | F35: =IF(F$2<=analysis_period,PropertyTaxAssessedValue*(100-(F$2-1)*prop_tax_assessed_decline)/100,0) -> 31916100 | G35: =IF(G$2<=analysis_period,PropertyTaxAssessedValue*(100-(G$2-1)*prop_tax_assessed_decline)/100,0) -> 31916100 | H35: =IF(H$2<=analysis_period,PropertyTaxAssessedValue*(100-(H$2-1)*prop_tax_assessed_decline)/100,0) -> 31916100 | I35: =IF(I$2<=analysis_period,PropertyTaxAssessedValue*(100-(I$2-1)*prop_tax_assessed_decline)/100,0) -> 31916100 | J35: =IF(J$2<=analysis_period,PropertyTaxAssessedValue*(100-(J$2-1)*prop_tax_assessed_decline)/100,0) -> 31916100 | K35: =IF(K$2<=analysis_period,PropertyTaxAssessedValue*(100-(K$2-1)*prop_tax_assessed_decline)/100,0) -> 31916100 | ... AP35: =IF(AP$2<=analysis_period,PropertyTaxAssessedValue*(100-(AP$2-1)*prop_tax_assessed_decline)/100,0) -> 0
A37: Operating Expenses
A38: Operation and maintenance (O&M)
A39: Fixed | C39: =IF(C$2<=analysis_period,IF(om_fixed="n/a",Inputs!D168,om_fixed*(1+inflation_rate/100+om_fixed_escal/100)^B$2),0) -> 0 | D39: =IF(D$2<=analysis_period,IF(om_fixed="n/a",Inputs!E168,om_fixed*(1+inflation_rate/100+om_fixed_escal/100)^C$2),0) -> 0 | E39: =IF(E$2<=analysis_period,IF(om_fixed="n/a",Inputs!F168,om_fixed*(1+inflation_rate/100+om_fixed_escal/100)^D$2),0) -> 0 | F39: =IF(F$2<=analysis_period,IF(om_fixed="n/a",Inputs!G168,om_fixed*(1+inflation_rate/100+om_fixed_escal/100)^E$2),0) -> 0 | G39: =IF(G$2<=analysis_period,IF(om_fixed="n/a",Inputs!H168,om_fixed*(1+inflation_rate/100+om_fixed_escal/100)^F$2),0) -> 0 | H39: =IF(H$2<=analysis_period,IF(om_fixed="n/a",Inputs!I168,om_fixed*(1+inflation_rate/100+om_fixed_escal/100)^G$2),0) -> 0 | I39: =IF(I$2<=analysis_period,IF(om_fixed="n/a",Inputs!J168,om_fixed*(1+inflation_rate/100+om_fixed_escal/100)^H$2),0) -> 0 | J39: =IF(J$2<=analysis_period,IF(om_fixed="n/a",Inputs!K168,om_fixed*(1+inflation_rate/100+om_fixed_escal/100)^I$2),0) -> 0 | ... AP39: =IF(AP$2<=analysis_period,IF(om_fixed="n/a",Inputs!AQ168,om_fixed*(1+inflation_rate/100+om_fixed_escal/100)^AO$2),0) -> 0
A40: Capacity
A41: Capacity (DC kW) | C41: =IF(C$2<=analysis_period,system_capacity,0) -> 36007.8 | D41: =IF(D$2<=analysis_period,system_capacity,0) -> 36007.8 | E41: =IF(E$2<=analysis_period,system_capacity,0) -> 36007.8 | F41: =IF(F$2<=analysis_period,system_capacity,0) -> 36007.8 | G41: =IF(G$2<=analysis_period,system_capacity,0) -> 36007.8 | H41: =IF(H$2<=analysis_period,system_capacity,0) -> 36007.8 | I41: =IF(I$2<=analysis_period,system_capacity,0) -> 36007.8 | J41: =IF(J$2<=analysis_period,system_capacity,0) -> 36007.8 | ... AP41: =IF(AP$2<=analysis_period,system_capacity,0) -> 0
A42: Fixed Cost ($/DC kW-yr) | C42: =IF(C$2<=analysis_period,IF(om_capacity="n/a",Inputs!D169,om_capacity*(1+inflation_rate/100+om_capacity_escal/100)^B$2),0) -> 7.5 | D42: =IF(D$2<=analysis_period,IF(om_capacity="n/a",Inputs!E169,om_capacity*(1+inflation_rate/100+om_capacity_escal/100)^C$2),0) -> 7.6875 | E42: =IF(E$2<=analysis_period,IF(om_capacity="n/a",Inputs!F169,om_capacity*(1+inflation_rate/100+om_capacity_escal/100)^D$2),0) -> 7.8796875 | F42: =IF(F$2<=analysis_period,IF(om_capacity="n/a",Inputs!G169,om_capacity*(1+inflation_rate/100+om_capacity_escal/100)^E$2),0) -> 8.0766797 | G42: =IF(G$2<=analysis_period,IF(om_capacity="n/a",Inputs!H169,om_capacity*(1+inflation_rate/100+om_capacity_escal/100)^F$2),0) -> 8.2785967 | H42: =IF(H$2<=analysis_period,IF(om_capacity="n/a",Inputs!I169,om_capacity*(1+inflation_rate/100+om_capacity_escal/100)^G$2),0) -> 8.4855616 | I42: =IF(I$2<=analysis_period,IF(om_capacity="n/a",Inputs!J169,om_capacity*(1+inflation_rate/100+om_capacity_escal/100)^H$2),0) -> 8.6977006 | J42: =IF(J$2<=analysis_period,IF(om_capacity="n/a",Inputs!K169,om_capacity*(1+inflation_rate/100+om_capacity_escal/100)^I$2),0) -> 8.9151432 | ... AP42: =IF(AP$2<=analysis_period,IF(om_capacity="n/a",Inputs!AQ169,om_capacity*(1+inflation_rate/100+om_capacity_escal/100)^AO$2),0) -> 0
A43: O&M capacity-based expense | C43: =C41*C42 -> 270058.5 | D43: =D41*D42 -> 276809.96 | E43: =E41*E42 -> 283730.21 | F43: =F41*F42 -> 290823.47 | G43: =G41*G42 -> 298094.05 | H43: =H41*H42 -> 305546.4 | I43: =I41*I42 -> 313185.06 | J43: =J41*J42 -> 321014.69 | ... AP43: =AP41*AP42 -> 0
A44: Variable
A45: Generation (AC-MWh) | C45: =IF(C$8=0,C$5,C$8)/1000 -> 55928.3 | D45: =IF(D$8=0,D$5,D$8)/1000 -> 55654.3 | E45: =IF(E$8=0,E$5,E$8)/1000 -> 55379.5 | F45: =IF(F$8=0,F$5,F$8)/1000 -> 55103.5 | G45: =IF(G$8=0,G$5,G$8)/1000 -> 54826 | H45: =IF(H$8=0,H$5,H$8)/1000 -> 54546.6 | I45: =IF(I$8=0,I$5,I$8)/1000 -> 54266 | J45: =IF(J$8=0,J$5,J$8)/1000 -> 53984.3 | ... AP45: =IF(AP$8=0,AP$5,AP$8)/1000 -> 0
A46: Variable Cost ($/AC-MWh) | C46: =IF(C$2<=analysis_period,IF(om_production="n/a",Inputs!D170,om_production*(1+inflation_rate/100+om_production_escal/100)^B$2),0) -> 0 | D46: =IF(D$2<=analysis_period,IF(om_production="n/a",Inputs!E170,om_production*(1+inflation_rate/100+om_production_escal/100)^C$2),0) -> 0 | E46: =IF(E$2<=analysis_period,IF(om_production="n/a",Inputs!F170,om_production*(1+inflation_rate/100+om_production_escal/100)^D$2),0) -> 0 | F46: =IF(F$2<=analysis_period,IF(om_production="n/a",Inputs!G170,om_production*(1+inflation_rate/100+om_production_escal/100)^E$2),0) -> 0 | G46: =IF(G$2<=analysis_period,IF(om_production="n/a",Inputs!H170,om_production*(1+inflation_rate/100+om_production_escal/100)^F$2),0) -> 0 | H46: =IF(H$2<=analysis_period,IF(om_production="n/a",Inputs!I170,om_production*(1+inflation_rate/100+om_production_escal/100)^G$2),0) -> 0 | I46: =IF(I$2<=analysis_period,IF(om_production="n/a",Inputs!J170,om_production*(1+inflation_rate/100+om_production_escal/100)^H$2),0) -> 0 | J46: =IF(J$2<=analysis_period,IF(om_production="n/a",Inputs!K170,om_production*(1+inflation_rate/100+om_production_escal/100)^I$2),0) -> 0 | ... AP46: =IF(AP$2<=analysis_period,IF(om_production="n/a",Inputs!AQ170,om_production*(1+inflation_rate/100+om_production_escal/100)^AO$2),0) -> 0
A47: O&M production-based expense | C47: =C45*C46 -> 0 | D47: =D45*D46 -> 0 | E47: =E45*E46 -> 0 | F47: =F45*F46 -> 0 | G47: =G45*G46 -> 0 | H47: =H45*H46 -> 0 | I47: =I45*I46 -> 0 | J47: =J45*J46 -> 0 | ... AP47: =AP45*AP46 -> 0
A48: Electricity purchase | C48: {=Inputs!D190:AQ190} -> 2228.53 | D48: 2228.53 | E48: 2228.53 | F48: 2228.53 | G48: 2228.53 | H48: 2228.53 | I48: 2228.53 | J48: 2228.53 | K48: 2228.53 | L48: 2228.53 | M48: 1126.42 | N48: 1126.42 | O48: 1126.42 | P48: 1126.74 | Q48: 1127.05 | R48: 1127.37 | S48: 1127.68 | T48: 1128 | U48: 1128.31 | V48: 1128.63 | W48: 1128.63 | X48: 1128.63 | Y48: 1128.95 | Z48: 1129.58 | AA48: 1129.89 | AB48: 0 | AC48: 0 | AD48: 0 | AE48: 0 | AF48: 0 | AG48: 0 | AH48: 0 | AI48: 0 | AJ48: 0 | AK48: 0 | AL48: 0 | AM48: 0 | AN48: 0 | AO48: 0 | AP48: 0
A49: Expenses Specific to Battery Systems
A50: Battery fixed | B50: {=Inputs!C192:AQ195} -> 0 | C50: 0 | D50: 0 | E50: 0 | F50: 0 | G50: 0 | H50: 0 | I50: 0 | J50: 0 | K50: 0 | L50: 0 | M50: 0 | N50: 0 | O50: 0 | P50: 0 | Q50: 0 | R50: 0 | S50: 0 | T50: 0 | U50: 0 | V50: 0 | W50: 0 | X50: 0 | Y50: 0 | Z50: 0 | AA50: 0 | AB50: 0 | AC50: 0 | AD50: 0 | AE50: 0 | AF50: 0 | AG50: 0 | AH50: 0 | AI50: 0 | AJ50: 0 | AK50: 0 | AL50: 0 | AM50: 0 | AN50: 0 | AO50: 0 | AP50: 0
A51: Battery capacity-based | B51: 0 | C51: 72926.3 | D51: 74749.4 | E51: 76618.2 | F51: 78533.6 | G51: 80497 | H51: 82509.4 | I51: 84572.1 | J51: 86686.4 | K51: 88853.6 | L51: 91074.9 | M51: 93351.8 | N51: 95685.6 | O51: 98077.7 | P51: 100530 | Q51: 103043 | R51: 105619 | S51: 108259 | T51: 110966 | U51: 113740 | V51: 116584 | W51: 119498 | X51: 122486 | Y51: 125548 | Z51: 128686 | AA51: 131904 | AB51: 0 | AC51: 0 | AD51: 0 | AE51: 0 | AF51: 0 | AG51: 0 | AH51: 0 | AI51: 0 | AJ51: 0 | AK51: 0 | AL51: 0 | AM51: 0 | AN51: 0 | AO51: 0 | AP51: 0
A52: Battery variable | B52: 0 | C52: 1952.68 | D52: 1996.42 | E52: 2020.8 | F52: 2046.72 | G52: 2075.38 | H52: 2106.08 | I52: 2138.42 | J52: 2172.18 | K52: 2207.22 | L52: 2438.63 | M52: 2493.21 | N52: 2523.64 | O52: 2556.02 | P52: 2591.83 | Q52: 2630.16 | R52: 2670.56 | S52: 2712.72 | T52: 2756.48 | U52: 2801.7 | V52: 3121.65 | W52: 3191.52 | X52: 3230.48 | Y52: 3271.92 | Z52: 3317.76 | AA52: 3366.83 | AB52: 0 | AC52: 0 | AD52: 0 | AE52: 0 | AF52: 0 | AG52: 0 | AH52: 0 | AI52: 0 | AJ52: 0 | AK52: 0 | AL52: 0 | AM52: 0 | AN52: 0 | AO52: 0 | AP52: 0
A53: Battery replacement | B53: 0 | C53: 0 | D53: 0 | E53: 0 | F53: 0 | G53: 0 | H53: 0 | I53: 0 | J53: 0 | K53: 0 | L53: 3942420 | M53: 0 | N53: 0 | O53: 0 | P53: 0 | Q53: 0 | R53: 0 | S53: 0 | T53: 0 | U53: 0 | V53: 5046630 | W53: 0 | X53: 0 | Y53: 0 | Z53: 0 | AA53: 0 | AB53: 0 | AC53: 0 | AD53: 0 | AE53: 0 | AF53: 0 | AG53: 0 | AH53: 0 | AI53: 0 | AJ53: 0 | AK53: 0 | AL53: 0 | AM53: 0 | AN53: 0 | AO53: 0 | AP53: 0
A54: Expenses Specific to Fuel Cell Systems
A55: Fuel cell fixed | B55: {=Inputs!C197:AQ201} -> 0 | C55: 0 | D55: 0 | E55: 0 | F55: 0 | G55: 0 | H55: 0 | I55: 0 | J55: 0 | K55: 0 | L55: 0 | M55: 0 | N55: 0 | O55: 0 | P55: 0 | Q55: 0 | R55: 0 | S55: 0 | T55: 0 | U55: 0 | V55: 0 | W55: 0 | X55: 0 | Y55: 0 | Z55: 0 | AA55: 0 | AB55: 0 | AC55: 0 | AD55: 0 | AE55: 0 | AF55: 0 | AG55: 0 | AH55: 0 | AI55: 0 | AJ55: 0 | AK55: 0 | AL55: 0 | AM55: 0 | AN55: 0 | AO55: 0 | AP55: 0
A56: Fuel cell capacity-based | B56: 0 | C56: 0 | D56: 0 | E56: 0 | F56: 0 | G56: 0 | H56: 0 | I56: 0 | J56: 0 | K56: 0 | L56: 0 | M56: 0 | N56: 0 | O56: 0 | P56: 0 | Q56: 0 | R56: 0 | S56: 0 | T56: 0 | U56: 0 | V56: 0 | W56: 0 | X56: 0 | Y56: 0 | Z56: 0 | AA56: 0 | AB56: 0 | AC56: 0 | AD56: 0 | AE56: 0 | AF56: 0 | AG56: 0 | AH56: 0 | AI56: 0 | AJ56: 0 | AK56: 0 | AL56: 0 | AM56: 0 | AN56: 0 | AO56: 0 | AP56: 0
A57: Fuel cell variable | B57: 0 | C57: 0 | D57: 0 | E57: 0 | F57: 0 | G57: 0 | H57: 0 | I57: 0 | J57: 0 | K57: 0 | L57: 0 | M57: 0 | N57: 0 | O57: 0 | P57: 0 | Q57: 0 | R57: 0 | S57: 0 | T57: 0 | U57: 0 | V57: 0 | W57: 0 | X57: 0 | Y57: 0 | Z57: 0 | AA57: 0 | AB57: 0 | AC57: 0 | AD57: 0 | AE57: 0 | AF57: 0 | AG57: 0 | AH57: 0 | AI57: 0 | AJ57: 0 | AK57: 0 | AL57: 0 | AM57: 0 | AN57: 0 | AO57: 0 | AP57: 0
A58: Fuel cell replacement | B58: 0 | C58: 0 | D58: 0 | E58: 0 | F58: 0 | G58: 0 | H58: 0 | I58: 0 | J58: 0 | K58: 0 | L58: 0 | M58: 0 | N58: 0 | O58: 0 | P58: 0 | Q58: 0 | R58: 0 | S58: 0 | T58: 0 | U58: 0 | V58: 0 | W58: 0 | X58: 0 | Y58: 0 | Z58: 0 | AA58: 0 | AB58: 0 | AC58: 0 | AD58: 0 | AE58: 0 | AF58: 0 | AG58: 0 | AH58: 0 | AI58: 0 | AJ58: 0 | AK58: 0 | AL58: 0 | AM58: 0 | AN58: 0 | AO58: 0 | AP58: 0
A59: Fuel cell fuel | B59: 0 | C59: 0 | D59: 0 | E59: 0 | F59: 0 | G59: 0 | H59: 0 | I59: 0 | J59: 0 | K59: 0 | L59: 0 | M59: 0 | N59: 0 | O59: 0 | P59: 0 | Q59: 0 | R59: 0 | S59: 0 | T59: 0 | U59: 0 | V59: 0 | W59: 0 | X59: 0 | Y59: 0 | Z59: 0 | AA59: 0 | AB59: 0 | AC59: 0 | AD59: 0 | AE59: 0 | AF59: 0 | AG59: 0 | AH59: 0 | AI59: 0 | AJ59: 0 | AK59: 0 | AL59: 0 | AM59: 0 | AN59: 0 | AO59: 0 | AP59: 0
A60: Fuel (CSP, generic only) | C60: =IF(C2<=analysis_period,om_fuel_cost*annual_fuel_usage/1000*system_heat_rate*(1+om_fuel_cost_escal/100+inflation_rate/100)^B2,0) -> 0 | D60: =IF(D2<=analysis_period,om_fuel_cost*annual_fuel_usage/1000*system_heat_rate*(1+om_fuel_cost_escal/100+inflation_rate/100)^C2,0) -> 0 | E60: =IF(E2<=analysis_period,om_fuel_cost*annual_fuel_usage/1000*system_heat_rate*(1+om_fuel_cost_escal/100+inflation_rate/100)^D2,0) -> 0 | F60: =IF(F2<=analysis_period,om_fuel_cost*annual_fuel_usage/1000*system_heat_rate*(1+om_fuel_cost_escal/100+inflation_rate/100)^E2,0) -> 0 | G60: =IF(G2<=analysis_period,om_fuel_cost*annual_fuel_usage/1000*system_heat_rate*(1+om_fuel_cost_escal/100+inflation_rate/100)^F2,0) -> 0 | H60: =IF(H2<=analysis_period,om_fuel_cost*annual_fuel_usage/1000*system_heat_rate*(1+om_fuel_cost_escal/100+inflation_rate/100)^G2,0) -> 0 | I60: =IF(I2<=analysis_period,om_fuel_cost*annual_fuel_usage/1000*system_heat_rate*(1+om_fuel_cost_escal/100+inflation_rate/100)^H2,0) -> 0 | J60: =IF(J2<=analysis_period,om_fuel_cost*annual_fuel_usage/1000*system_heat_rate*(1+om_fuel_cost_escal/100+inflation_rate/100)^I2,0) -> 0 | ... AP60: =IF(AP2<=analysis_period,om_fuel_cost*annual_fuel_usage/1000*system_heat_rate*(1+om_fuel_cost_escal/100+inflation_rate/100)^AO2,0) -> 0
A61: Biomass feedstock (Biopower only) | B61: {=Inputs!C207:AQ208} -> 0 | C61: 0 | D61: 0 | E61: 0 | F61: 0 | G61: 0 | H61: 0 | I61: 0 | J61: 0 | K61: 0 | L61: 0 | M61: 0 | N61: 0 | O61: 0 | P61: 0 | Q61: 0 | R61: 0 | S61: 0 | T61: 0 | U61: 0 | V61: 0 | W61: 0 | X61: 0 | Y61: 0 | Z61: 0 | AA61: 0 | AB61: 0 | AC61: 0 | AD61: 0 | AE61: 0 | AF61: 0 | AG61: 0 | AH61: 0 | AI61: 0 | AJ61: 0 | AK61: 0 | AL61: 0 | AM61: 0 | AN61: 0 | AO61: 0 | AP61: 0
A62: Coal feedstock (Biopower only) | B62: 0 | C62: 0 | D62: 0 | E62: 0 | F62: 0 | G62: 0 | H62: 0 | I62: 0 | J62: 0 | K62: 0 | L62: 0 | M62: 0 | N62: 0 | O62: 0 | P62: 0 | Q62: 0 | R62: 0 | S62: 0 | T62: 0 | U62: 0 | V62: 0 | W62: 0 | X62: 0 | Y62: 0 | Z62: 0 | AA62: 0 | AB62: 0 | AC62: 0 | AD62: 0 | AE62: 0 | AF62: 0 | AG62: 0 | AH62: 0 | AI62: 0 | AJ62: 0 | AK62: 0 | AL62: 0 | AM62: 0 | AN62: 0 | AO62: 0 | AP62: 0
A63: Geothermal recapitalization | B63: {=Inputs!C210:AQ210} -> 0 | C63: 0 | D63: 0 | E63: 0 | F63: 0 | G63: 0 | H63: 0 | I63: 0 | J63: 0 | K63: 0 | L63: 0 | M63: 0 | N63: 0 | O63: 0 | P63: 0 | Q63: 0 | R63: 0 | S63: 0 | T63: 0 | U63: 0 | V63: 0 | W63: 0 | X63: 0 | Y63: 0 | Z63: 0 | AA63: 0 | AB63: 0 | AC63: 0 | AD63: 0 | AE63: 0 | AF63: 0 | AG63: 0 | AH63: 0 | AI63: 0 | AJ63: 0 | AK63: 0 | AL63: 0 | AM63: 0 | AN63: 0 | AO63: 0 | AP63: 0
A64: Land Lease | C64: =IF(C$2<=analysis_period,IF(om_land_lease="n/a",total_land_area*Inputs!D$221,total_land_area*om_land_lease*(1+inflation_rate/100+om_land_lease_escal/100)^B$2),0) -> 0 | D64: =IF(D$2<=analysis_period,IF(om_land_lease="n/a",total_land_area*Inputs!E$221,total_land_area*om_land_lease*(1+inflation_rate/100+om_land_lease_escal/100)^C$2),0) -> 0 | E64: =IF(E$2<=analysis_period,IF(om_land_lease="n/a",total_land_area*Inputs!F$221,total_land_area*om_land_lease*(1+inflation_rate/100+om_land_lease_escal/100)^D$2),0) -> 0 | F64: =IF(F$2<=analysis_period,IF(om_land_lease="n/a",total_land_area*Inputs!G$221,total_land_area*om_land_lease*(1+inflation_rate/100+om_land_lease_escal/100)^E$2),0) -> 0 | G64: =IF(G$2<=analysis_period,IF(om_land_lease="n/a",total_land_area*Inputs!H$221,total_land_area*om_land_lease*(1+inflation_rate/100+om_land_lease_escal/100)^F$2),0) -> 0 | H64: =IF(H$2<=analysis_period,IF(om_land_lease="n/a",total_land_area*Inputs!I$221,total_land_area*om_land_lease*(1+inflation_rate/100+om_land_lease_escal/100)^G$2),0) -> 0 | I64: =IF(I$2<=analysis_period,IF(om_land_lease="n/a",total_land_area*Inputs!J$221,total_land_area*om_land_lease*(1+inflation_rate/100+om_land_lease_escal/100)^H$2),0) -> 0 | J64: =IF(J$2<=analysis_period,IF(om_land_lease="n/a",total_land_area*Inputs!K$221,total_land_area*om_land_lease*(1+inflation_rate/100+om_land_lease_escal/100)^I$2),0) -> 0 | ... AP64: =IF(AP$2<=analysis_period,IF(om_land_lease="n/a",total_land_area*Inputs!AQ$221,total_land_area*om_land_lease*(1+inflation_rate/100+om_land_lease_escal/100)^AO$2),0) -> 0
A65: Property Tax | C65: =C35*property_tax_rate/100 -> 0 | D65: =D35*property_tax_rate/100 -> 0 | E65: =E35*property_tax_rate/100 -> 0 | F65: =F35*property_tax_rate/100 -> 0 | G65: =G35*property_tax_rate/100 -> 0 | H65: =H35*property_tax_rate/100 -> 0 | I65: =I35*property_tax_rate/100 -> 0 | J65: =J35*property_tax_rate/100 -> 0 | ... AP65: =AP35*property_tax_rate/100 -> 0
A66: Insurance | C66: =IF(C$2<=analysis_period,total_installed_cost*insurance_rate/100*(1+inflation_rate/100)^B$2,0) -> 319161 | D66: =IF(D$2<=analysis_period,total_installed_cost*insurance_rate/100*(1+inflation_rate/100)^C$2,0) -> 327140.02 | E66: =IF(E$2<=analysis_period,total_installed_cost*insurance_rate/100*(1+inflation_rate/100)^D$2,0) -> 335318.53 | F66: =IF(F$2<=analysis_period,total_installed_cost*insurance_rate/100*(1+inflation_rate/100)^E$2,0) -> 343701.49 | G66: =IF(G$2<=analysis_period,total_installed_cost*insurance_rate/100*(1+inflation_rate/100)^F$2,0) -> 352294.03 | H66: =IF(H$2<=analysis_period,total_installed_cost*insurance_rate/100*(1+inflation_rate/100)^G$2,0) -> 361101.38 | I66: =IF(I$2<=analysis_period,total_installed_cost*insurance_rate/100*(1+inflation_rate/100)^H$2,0) -> 370128.91 | J66: =IF(J$2<=analysis_period,total_installed_cost*insurance_rate/100*(1+inflation_rate/100)^I$2,0) -> 379382.13 | ... AP66: =IF(AP$2<=analysis_period,total_installed_cost*insurance_rate/100*(1+inflation_rate/100)^AO$2,0) -> 0
A67: Total energy expenses | C67: =C$39+C$43+C$47+SUM(C50:C53)+SUM(C48:C48)+SUM(C55:C66) -> 666327.01 | D67: =D$39+D$43+D$47+SUM(D50:D53)+SUM(D48:D48)+SUM(D55:D66) -> 682924.34 | E67: =E$39+E$43+E$47+SUM(E50:E53)+SUM(E48:E48)+SUM(E55:E66) -> 699916.27 | F67: =F$39+F$43+F$47+SUM(F50:F53)+SUM(F48:F48)+SUM(F55:F66) -> 717333.81 | G67: =G$39+G$43+G$47+SUM(G50:G53)+SUM(G48:G48)+SUM(G55:G66) -> 735188.99 | H67: =H$39+H$43+H$47+SUM(H50:H53)+SUM(H48:H48)+SUM(H55:H66) -> 753491.79 | I67: =I$39+I$43+I$47+SUM(I50:I53)+SUM(I48:I48)+SUM(I55:I66) -> 772253.03 | J67: =J$39+J$43+J$47+SUM(J50:J53)+SUM(J48:J48)+SUM(J55:J66) -> 791483.94 | ... AP67: =AP$39+AP$43+AP$47+SUM(AP50:AP53)+SUM(AP48:AP48)+SUM(AP55:AP66) -> 0
A68: Percent of energy expenses paid (%) | B68: {=Inputs!C204:AQ204} -> 0 | C68: 100 | D68: 100 | E68: 100 | F68: 100 | G68: 100 | H68: 100 | I68: 100 | J68: 100 | K68: 100 | L68: 100 | M68: 100 | N68: 100 | O68: 100 | P68: 100 | Q68: 100 | R68: 100 | S68: 100 | T68: 100 | U68: 100 | V68: 100 | W68: 100 | X68: 100 | Y68: 100 | Z68: 100 | AA68: 100 | AB68: 0 | AC68: 0 | AD68: 0 | AE68: 0 | AF68: 0 | AG68: 0 | AH68: 0 | AI68: 0 | AJ68: 0 | AK68: 0 | AL68: 0 | AM68: 0 | AN68: 0 | AO68: 0 | AP68: 0
A69: Energy expenses paid | C69: =C67*C68/100 -> 666327.01 | D69: =D67*D68/100 -> 682924.34 | E69: =E67*E68/100 -> 699916.27 | F69: =F67*F68/100 -> 717333.81 | G69: =G67*G68/100 -> 735188.99 | H69: =H67*H68/100 -> 753491.79 | I69: =I67*I68/100 -> 772253.03 | J69: =J67*J68/100 -> 791483.94 | ... AP69: =AP67*AP68/100 -> 0
A70: Owner share of non-energy expenses (included if available for debt service) | C70: =IF(non_energy_expenses_ds="Yes",Inputs!D203,0) -> 0 | D70: =IF(non_energy_expenses_ds="Yes",Inputs!E203,0) -> 0 | E70: =IF(non_energy_expenses_ds="Yes",Inputs!F203,0) -> 0 | F70: =IF(non_energy_expenses_ds="Yes",Inputs!G203,0) -> 0 | G70: =IF(non_energy_expenses_ds="Yes",Inputs!H203,0) -> 0 | H70: =IF(non_energy_expenses_ds="Yes",Inputs!I203,0) -> 0 | I70: =IF(non_energy_expenses_ds="Yes",Inputs!J203,0) -> 0 | J70: =IF(non_energy_expenses_ds="Yes",Inputs!K203,0) -> 0 | ... AP70: =IF(non_energy_expenses_ds="Yes",Inputs!AQ203,0) -> 0
A71: Total Expenses | B71: =B70+B69 -> 0 | C71: =C70+C69 -> 666327.01 | D71: =D70+D69 -> 682924.34 | E71: =E70+E69 -> 699916.27 | F71: =F70+F69 -> 717333.81 | G71: =G70+G69 -> 735188.99 | H71: =H70+H69 -> 753491.79 | I71: =I70+I69 -> 772253.03 | ... AP71: =AP70+AP69 -> 0
A73: EBITDA | C73: =C33-C71 -> 3914453 | D73: =D33-D71 -> 3874825.7 | E73: =E33-E71 -> 3835443.7 | F73: =F33-F71 -> 3795636.2 | G73: =G33-G71 -> 3755261 | H73: =H33-H71 -> 3714248.2 | I73: =I33-I71 -> 3672647 | J73: =J33-J71 -> 3630466.1 | ... AP73: =AP33-AP71 -> 0
A75: Cash Flow: Project
A76: Cash Flows from Operating Activities
A77: EBITDA | C77: =C73 -> 3914453 | D77: =D73 -> 3874825.7 | E77: =E73 -> 3835443.7 | F77: =F73 -> 3795636.2 | G77: =G73 -> 3755261 | H77: =H73 -> 3714248.2 | I77: =I73 -> 3672647 | J77: =J73 -> 3630466.1 | ... AP77: =AP73 -> 0
A78: Plus: PBI (if not included above)
A79: =A26 -> Federal | C79: =IF(pbi_fed_for_ds="Yes",0,C591) -> 0 | D79: =IF(pbi_fed_for_ds="Yes",0,D591) -> 0 | E79: =IF(pbi_fed_for_ds="Yes",0,E591) -> 0 | F79: =IF(pbi_fed_for_ds="Yes",0,F591) -> 0 | G79: =IF(pbi_fed_for_ds="Yes",0,G591) -> 0 | H79: =IF(pbi_fed_for_ds="Yes",0,H591) -> 0 | I79: =IF(pbi_fed_for_ds="Yes",0,I591) -> 0 | J79: =IF(pbi_fed_for_ds="Yes",0,J591) -> 0 | ... AP79: =IF(pbi_fed_for_ds="Yes",0,AP591) -> 0
A80: =A27 -> State | C80: =IF(pbi_sta_for_ds="Yes",0,C595) -> 0 | D80: =IF(pbi_sta_for_ds="Yes",0,D595) -> 0 | E80: =IF(pbi_sta_for_ds="Yes",0,E595) -> 0 | F80: =IF(pbi_sta_for_ds="Yes",0,F595) -> 0 | G80: =IF(pbi_sta_for_ds="Yes",0,G595) -> 0 | H80: =IF(pbi_sta_for_ds="Yes",0,H595) -> 0 | I80: =IF(pbi_sta_for_ds="Yes",0,I595) -> 0 | J80: =IF(pbi_sta_for_ds="Yes",0,J595) -> 0 | ... AP80: =IF(pbi_sta_for_ds="Yes",0,AP595) -> 0
A81: =A28 -> Utility | C81: =IF(pbi_uti_for_ds="Yes",0,C599) -> 0 | D81: =IF(pbi_uti_for_ds="Yes",0,D599) -> 0 | E81: =IF(pbi_uti_for_ds="Yes",0,E599) -> 0 | F81: =IF(pbi_uti_for_ds="Yes",0,F599) -> 0 | G81: =IF(pbi_uti_for_ds="Yes",0,G599) -> 0 | H81: =IF(pbi_uti_for_ds="Yes",0,H599) -> 0 | I81: =IF(pbi_uti_for_ds="Yes",0,I599) -> 0 | J81: =IF(pbi_uti_for_ds="Yes",0,J599) -> 0 | ... AP81: =IF(pbi_uti_for_ds="Yes",0,AP599) -> 0
A82: =A29 -> Other | C82: =IF(pbi_oth_for_ds="Yes",0,C603) -> 0 | D82: =IF(pbi_oth_for_ds="Yes",0,D603) -> 0 | E82: =IF(pbi_oth_for_ds="Yes",0,E603) -> 0 | F82: =IF(pbi_oth_for_ds="Yes",0,F603) -> 0 | G82: =IF(pbi_oth_for_ds="Yes",0,G603) -> 0 | H82: =IF(pbi_oth_for_ds="Yes",0,H603) -> 0 | I82: =IF(pbi_oth_for_ds="Yes",0,I603) -> 0 | J82: =IF(pbi_oth_for_ds="Yes",0,J603) -> 0 | ... AP82: =IF(pbi_oth_for_ds="Yes",0,AP603) -> 0
A83: Total | C83: =SUM(C79:C82) -> 0 | D83: =SUM(D79:D82) -> 0 | E83: =SUM(E79:E82) -> 0 | F83: =SUM(F79:F82) -> 0 | G83: =SUM(G79:G82) -> 0 | H83: =SUM(H79:H82) -> 0 | I83: =SUM(I79:I82) -> 0 | J83: =SUM(J79:J82) -> 0 | ... AP83: =SUM(AP79:AP82) -> 0
A84: Plus: Interest earned on reserve accounts | B84: 0 | C84: =C751 -> 0 | D84: =D751 -> 0 | E84: =E751 -> 0 | F84: =F751 -> 0 | G84: =G751 -> 0 | H84: =H751 -> 0 | I84: =I751 -> 0 | J84: =J751 -> 0 | ... AP84: =AP751 -> 0
A85: Less: Debt interest payment | B85: 0 | C85: =-C610 -> -1246612.1 | D85: =-D610 -> -1153708 | E85: =-E610 -> -1057730.2 | F85: =-F610 -> -958515.3 | G85: =-G610 -> -855918.28 | H85: =-H610 -> -749792.55 | I85: =-I610 -> -639986.97 | J85: =-J610 -> -526340.89 | ... AP85: =-AP610 -> 0
A86: Plus: Owner share of non-energy revenue (if not included above) | C86: =IF(non_energy_revenue_ds="No",Inputs!D166,0) -> 0 | D86: =IF(non_energy_revenue_ds="No",Inputs!E166,0) -> 0 | E86: =IF(non_energy_revenue_ds="No",Inputs!F166,0) -> 0 | F86: =IF(non_energy_revenue_ds="No",Inputs!G166,0) -> 0 | G86: =IF(non_energy_revenue_ds="No",Inputs!H166,0) -> 0 | H86: =IF(non_energy_revenue_ds="No",Inputs!I166,0) -> 0 | I86: =IF(non_energy_revenue_ds="No",Inputs!J166,0) -> 0 | J86: =IF(non_energy_revenue_ds="No",Inputs!K166,0) -> 0 | ... AP86: =IF(non_energy_revenue_ds="No",Inputs!AQ166,0) -> 0
A87: Less: Owner share of non-energy expenses (if not included above) | C87: =IF(non_energy_expenses_ds="No",-Inputs!D203,0) -> 0 | D87: =IF(non_energy_expenses_ds="No",-Inputs!E203,0) -> 0 | E87: =IF(non_energy_expenses_ds="No",-Inputs!F203,0) -> 0 | F87: =IF(non_energy_expenses_ds="No",-Inputs!G203,0) -> 0 | G87: =IF(non_energy_expenses_ds="No",-Inputs!H203,0) -> 0 | H87: =IF(non_energy_expenses_ds="No",-Inputs!I203,0) -> 0 | I87: =IF(non_energy_expenses_ds="No",-Inputs!J203,0) -> 0 | J87: =IF(non_energy_expenses_ds="No",-Inputs!K203,0) -> 0 | ... AP87: =IF(non_energy_expenses_ds="No",-Inputs!AQ203,0) -> 0
A88: Total | B88: =B77+B83+B84+B85 -> 0 | C88: =C77+C83+C84+C85 -> 2667840.9 | D88: =D77+D83+D84+D85 -> 2721117.6 | E88: =E77+E83+E84+E85 -> 2777713.5 | F88: =F77+F83+F84+F85 -> 2837120.9 | G88: =G77+G83+G84+G85 -> 2899342.7 | H88: =H77+H83+H84+H85 -> 2964455.7 | I88: =I77+I83+I84+I85 -> 3032660 | ... AP88: =AP77+AP83+AP84+AP85 -> 0
A90: Cash Flows from Investing Activities
A91: Capital Costs
A92: Total installed cost | B92: =-total_installed_cost -> -31916100
A93: Debt closing costs | B93: =-(cost_debt_closing) -> 0
A94: Debt up-front fee | B94: =-CostDebtUpfront -> -608777
A95: Financing cost | B95: =-cost_other_financing -> 0
A96: Construction financing | B96: =-Inputs!I85 -> -718112.25
A97: Total IBI | B97: =C572+C578 -> 0
A98: Total CBI | B98: =C585 -> 0
A99: Total purchase of property | B99: =SUM(B92:B98) -> -33242989
A100: Reserve Accounts (Increase)/Decrease
A101: Debt service reserve | B101: =-B637-B638 -> 0 | C101: =-C637-C638 -> 0 | D101: =-D637-D638 -> 0 | E101: =-E637-E638 -> 0 | F101: =-F637-F638 -> 0 | G101: =-G637-G638 -> 0 | H101: =-H637-H638 -> 0 | I101: =-I637-I638 -> 0 | ... AP101: =-AP637-AP638 -> 0
A102: Working capital reserve | B102: =-B643-B644 -> 0 | C102: =-C643-C644 -> 0 | D102: =-D643-D644 -> 0 | E102: =-E643-E644 -> 0 | F102: =-F643-F644 -> 0 | G102: =-G643-G644 -> 0 | H102: =-H643-H644 -> 0 | I102: =-I643-I644 -> 0 | ... AP102: =-AP643-AP644 -> 0
A103: Receivables reserve | B103: =-B649-B650 -> 0 | C103: =-C649-C650 -> 0 | D103: =-D649-D650 -> 0 | E103: =-E649-E650 -> 0 | F103: =-F649-F650 -> 0 | G103: =-G649-G650 -> 0 | H103: =-H649-H650 -> 0 | I103: =-I649-I650 -> 0 | ... AP103: =-AP649-AP650 -> 0
A104: Major equipment reserve 1 | B104: =-B655-B656 -> 0 | C104: =-C655-C656 -> 0 | D104: =-D655-D656 -> 0 | E104: =-E655-E656 -> 0 | F104: =-F655-F656 -> 0 | G104: =-G655-G656 -> 0 | H104: =-H655-H656 -> 0 | I104: =-I655-I656 -> 0 | ... AP104: =-AP655-AP656 -> 0
A105: Major equipment reserve 2 | B105: =-B687-B688 -> 0 | C105: =-C687-C688 -> 0 | D105: =-D687-D688 -> 0 | E105: =-E687-E688 -> 0 | F105: =-F687-F688 -> 0 | G105: =-G687-G688 -> 0 | H105: =-H687-H688 -> 0 | I105: =-I687-I688 -> 0 | ... AP105: =-AP687-AP688 -> 0
A106: Major equipment reserve 3 | B106: =-B719-B720 -> 0 | C106: =-C719-C720 -> 0 | D106: =-D719-D720 -> 0 | E106: =-E719-E720 -> 0 | F106: =-F719-F720 -> 0 | G106: =-G719-G720 -> 0 | H106: =-H719-H720 -> 0 | I106: =-I719-I720 -> 0 | ... AP106: =-AP719-AP720 -> 0
A107: Total | B107: =SUM(B101:B106) -> 0 | C107: =SUM(C101:C106) -> 0 | D107: =SUM(D101:D106) -> 0 | E107: =SUM(E101:E106) -> 0 | F107: =SUM(F101:F106) -> 0 | G107: =SUM(G101:G106) -> 0 | H107: =SUM(H101:H106) -> 0 | I107: =SUM(I101:I106) -> 0 | ... AP107: =SUM(AP101:AP106) -> 0
A108: Reserve Capital Spending
...

Sheet Depreciation Schedules
A1: Depreciation Schedules (Half Year)
A2: Year | B2: 5-yr MACRS | C2: 15-yr MACRS | D2: 5-yr SL | E2: 15-yr SL | F2: 20-yr SL | G2: 39-yr SL
A3: 1 | B3: 20 | C3: 5 | D3: 10 | E3: 3.33 | F3: 2.5 | G3: =2.56410256410256*0.5 -> 1.2820513
A4: 2 | B4: 32 | C4: 9.5 | D4: 20 | E4: 6.67 | F4: 5 | G4: 2.5641026
A5: 3 | B5: 19.2 | C5: 8.55 | D5: 20 | E5: 6.67 | F5: 5 | G5: 2.5641026
A6: 4 | B6: 11.52 | C6: 7.7 | D6: 20 | E6: 6.67 | F6: 5 | G6: 2.5641026
A7: 5 | B7: 11.52 | C7: 6.93 | D7: 20 | E7: 6.67 | F7: 5 | G7: 2.5641026
A8: 6 | B8: 5.76 | C8: 6.23 | D8: 10 | E8: 6.67 | F8: 5 | G8: 2.5641026
A9: 7 | B9: 0 | C9: 5.9 | D9: 0 | E9: 6.67 | F9: 5 | G9: 2.5641026
A10: 8 | B10: 0 | C10: 5.9 | D10: 0 | E10: 6.67 | F10: 5 | G10: 2.5641026
A11: 9 | B11: 0 | C11: 5.91 | D11: 0 | E11: 6.67 | F11: 5 | G11: 2.5641026
A12: 10 | B12: 0 | C12: 5.9 | D12: 0 | E12: 6.67 | F12: 5 | G12: 2.5641026
A13: 11 | B13: 0 | C13: 5.91 | D13: 0 | E13: 6.67 | F13: 5 | G13: 2.5641026
A14: 12 | B14: 0 | C14: 5.9 | D14: 0 | E14: 6.66 | F14: 5 | G14: 2.5641026
A15: 13 | B15: 0 | C15: 5.91 | D15: 0 | E15: 6.67 | F15: 5 | G15: 2.5641026
... A41: 39 | B41: 0 | C41: 0 | D41: 0 | E41: 0 | F41: 0 | G41: 2.5641026
A42: 40 | B42: 0 | C42: 0 | D42: 0 | E42: 0 | F42: 0 | G42: =2.56410256410256*0.5 -> 1.2820513
A43: For additional information on depreciation schedules, see IRS publication 946.
A44: http://www.irs.gov/pub/irs-pdf/p946.pdf
A45: * Note custom schedule is defined on Inputs sheet around Row 180
